 Dungeon Crawl Stone Soup version 0.22-a0-273-g3d7ae58 (webtiles) character file.

24 MatthieuS the Skirmisher (level 2, 0/24 HPs)
             Began as a Demonspawn Berserker on Mar 12, 2018.
             Was a Follower of Trog.
             Succumbed to a kobold's poison
             ... on level 1 of the Dungeon.
             The game lasted 00:01:25 (592 turns).

MatthieuS the Skirmisher (Demonspawn Berserker)      Turns: 592, Time: 00:01:25

Health: 0/24       AC:  8    Str: 21 (22) XL:     2   Next: 79%
Magic:  2/2        EV:  8    Int:  5 (8)  God:    Trog [*.....]
Gold:   57         SH:  0    Dex:  9 (12) Spells: 1/1 levels left

rFire    . . .     SeeInvis .   a - +0 falchion
rCold    . . .     Gourm    .   (no shield)
rNeg     . . .     Faith    .   h - +0 chain mail
rPois    .         Spirit   .   (no helmet)
rElec    .         Reflect  .   (no cloak)
rCorr    .         Harm     .   (no gloves)
MR       .....                  (no boots)
Stlth    ..........             (no amulet)
HPRegen  0.08/turn              (no ring)
MPRegen  0.08/turn              (no ring)

@: mighty, lethally poisoned (0 -> -7), berserk cooldown, slowed, very slow
A: hooves 1
a: Berserk, Renounce Religion


You were on level 1 of the Dungeon.
You worshipped Trog.
Trog was aware of your devotion.
You were not hungry.

You visited 1 branch of the dungeon, and saw 1 of its levels.

You collected 57 gold pieces.

Inventory:

Hand Weapons
 a - a +0 falchion (weapon)
 d - a +0 dagger of venom
   (You took it off a kobold on level 1 of the Dungeon)
Armour
 h - a +0 chain mail (worn)
   (You took it off a goblin on level 1 of the Dungeon)
Jewellery
 f - an uncursed amulet of the gourmand {unknown}
   (You found it on level 1 of the Dungeon)
Scrolls
 b - a scroll of fog {unknown}
Comestibles
 e - a ration
 i - 2 chunks of flesh


   Skills:
 + Level 3.2 Fighting
 * Level 3.1 Long Blades
 + Level 2.1 Armour
 + Level 2.1 Dodging


You had one spell level left.
You didn't know any spells.

Dungeon Overview and Level Annotations

Branches:
Dungeon (1/15)

Altars:


Innate Abilities, Weirdness & Mutations

You have large cloven feet.


Message History

You feel sick.
No target in view!
No target in view!
No target in view!
You feel sick.
You see here a dagger of venom.
d - a dagger of venom
* * * LOW HITPOINT WARNING * * *
You feel sick.
It was a potion of might.
You feel very mighty all of a sudden.
* * * LOW HITPOINT WARNING * * *
You feel sick.
It was a potion of degeneration.
There was something very wrong with that liquid.
You feel weakened.
You feel dopey.
You feel clumsy.
* * * LOW HITPOINT WARNING * * *
You feel sick.
There is a lethal amount of poison in your body!
* * * LOW HITPOINT WARNING * * *
You feel sick.
A red film seems to cover your vision as you go berserk!
You feel yourself moving faster!
You feel mighty!
You feel a lot more hungry.
* * * LOW HITPOINT WARNING * * *
You feel sick.
Some of the chunks of flesh in your inventory have rotted away.
You feel a strong urge to attack something.
* * * LOW HITPOINT WARNING * * *
You feel sick.
* * * LOW HITPOINT WARNING * * *
You feel sick.
You feel your anger nearly subside.
* * * LOW HITPOINT WARNING * * *
You feel sick.
You are no longer berserk.
You are exhausted.
You feel yourself slow down.
* * * LOW HITPOINT WARNING * * *
You feel sick.
* * * LOW HITPOINT WARNING * * *
You feel sick.
Found a ration.
* * * LOW HITPOINT WARNING * * *
You feel sick.
* * * LOW HITPOINT WARNING * * *
You feel sick.
* * * LOW HITPOINT WARNING * * *
You feel sick.
Unknown command.
You die...

##.. ... .# ### ..#
..########
.........###########
.()...........##...##
....(...........@...#
##...................#
#....>...........%..#
.....................#
##..................##
#............##...##
#.........#.#######
#.........#.#


There were no monsters in sight!

Vanquished Creatures
  3 dart slugs (D:1)
  A leopard gecko (D:1)
  3 bats (D:1)
  2 goblins (D:1)
  3 hobgoblins (D:1)
  4 kobolds (D:1)
  A rat (D:1)
17 creatures vanquished.

Notes
Turn   | Place    | Note
-------+----------+-------------------------------------------
     0 | D:1      | MatthieuS the Demonspawn Berserker began the quest for the Orb.
     0 | D:1      | Reached XP level 1. HP: 18/18 MP: 1/1
    54 | D:1      | Gained mutation: You have large cloven feet. [demonic ancestry]
    54 | D:1      | Reached XP level 2. HP: 16/24 MP: 2/2
   589 | D:1      | HP: 1/24 [poisoned by a kobold]
   592 | D:1      | Succumbed to a kobold's poison

Vault maps used:
D:1:      dpeg_arrival_shrine, st_stairs_6, minmay_tree_intersection

Skill      XL: |  1  2 |
---------------+-------+-----
Long Blades    | 3 |  3.1
Armour         | 2 |  2.1
Dodging        | 2 |  2.1
Fighting       | |  3.2

Action                   || total
-------------------------++-------
Melee: Falchion          ||    37
       Kick              ||     9
Invok: Berserk           ||     1
  Use: Potion            ||     2
 Stab: Sleeping          ||     1
Armor: Animal skin       ||     7
       Chain mail        ||     5
Dodge: Dodged            ||    23
       Rpst.: Falchion   ||    10

Table legend:
 A = Spawn XP
 B = Non-spawn XP
 C = Spawn XP percentage of total XP
 D = Spawn monster count
 E = Non-spawn monster count
 F = Spawn count percentage of total count
 G = Total turns spent on level
                    A         B        C        D         E        F      G
               +---------+---------+-------+---------+---------+-------+---------
         Total |       0 |      35 |   0.0 |       0 |      17 |   0.0 |   592
               +---------+---------+-------+---------+---------+-------+---------
           D:1 |       0 |      35 |   0.0 |       0 |      17 |   0.0 |   592
               +---------+---------+-------+---------+---------+-------+---------
